 Dungeon Crawl Stone Soup version 0.30-a0-389-g8d7d949 (webtiles) character file.

Game seed: 10499576122733017512

708 BarneyGumball the Slasher (level 7, 0/50 HPs)
             Began as a Merfolk Gladiator on Dec 3, 2022.
             Was an Initiate of Makhleb.
             Slain by an ogre
             ... wielding a +0 giant club
              (20 damage)
             ... on level 5 of the Dungeon.
             The game lasted 00:15:57 (4886 turns).

BarneyGumball the Slasher (Merfolk Gladiator)       Turns: 4886, Time: 00:15:57

Health: 0/50       AC:  7    Str: 15    XL:     7   Next: 67%
Magic:  7/7        EV: 11    Int: 13    God:    Makhleb [......]
Gold:   181        SH:  0    Dex: 17    Spells: 6/6 levels left

rFire   . . .      SeeInvis .    a - +0 long sword
rCold   . . .      Faith    .    (no shield)
rNeg    . . .      Spirit   .    s - +0 scale mail
rPois   .          Reflect  .    c - +0 helmet
rElec   .          Harm     .    (no cloak)
rCorr   .          Rampage  .    (no gloves)
Will    .....                    (no boots)
Stlth   ..........               (no amulet)
HPRegen 0.28/turn                m - +6 ring of intelligence
MPRegen 0.10/turn                (no ring)

@: no status effects
A: (nimble swimmer 2), mertail
a: Renounce Religion


You were on level 5 of the Dungeon.
You worshipped Makhleb.
Makhleb was noncommittal.
You visited 2 branches of the dungeon, and saw 6 of its levels.

You collected 181 gold pieces.

Inventory:

Hand Weapons
 a - a +0 long sword (weapon)
Missiles
 e - a javelin (quivered)
Armour
 c - a +0 helmet (worn)
 s - a +0 scale mail (worn)
Jewellery
 m - a +6 ring of intelligence (left hand)
Wands
 b - a wand of quicksilver (14)
 t - a wand of charming (10)
Scrolls
 d - a scroll of silence {unknown}
 f - 6 scrolls of identify {unknown}
 h - 3 scrolls of fog {unknown}
 i - a scroll of enchant armour {unknown}
 j - a scroll of fear {unknown}
 l - a scroll of enchant weapon {unknown}
 n - a scroll of noise {unknown}
 o - a scroll of immolation {unknown}
 p - a scroll of teleportation {unknown}
 q - a scroll of magic mapping {unknown}
 u - a scroll of torment {unknown}
 w - a scroll of amnesia {unknown}
Potions
 g - 2 potions of might {unknown}
 k - 3 potions of curing {unknown}
 r - a potion of degeneration {unknown}
 v - a potion of flight {unknown}


   Skills:
 - Level 2.1 Fighting
 * Level 7.8 Long Blades
 - Level 3.8 Throwing
 + Level 2.9 Armour
 - Level 4.0 Dodging
 + Level 1.9 Evocations


You had 6 spell levels left.
You didn't know any spells.
Your spell library contained the following spells:

 Spells                   Type           Power      Damage    Failure   Level
 Beastly Appendage        Tmut           0%         N/A       75%         1
 Freeze                   Ice            0%         1d3       75%         1
 Wereblood                Tmut           0%         N/A       87%         2
 Frozen Ramparts          Ice            0%         1d1       98%         3
 Hailstorm                Conj/Ice       0%         3d3       98%         3
 Spider Form              Tmut/Pois      0%         N/A       98%         3
 Ice Form                 Ice/Tmut       0%         N/A       100%        4
 Summon Ice Beast         Ice/Summ       0%         N/A       100%        4


Dungeon Overview and Level Annotations

Branches:
Dungeon (5/15)             Temple (1/1) D:5

Altars:
Ashenzari
Cheibriados
Elyvilon
Fedhas
Kikubaaqudgha
Makhleb
Okawaru
Qazlal
Sif Muna
Trog
Wu Jian
Xom
Yredelemnul
The Shining One

Shops:
D:1 =


Innate Abilities, Weirdness & Mutations

((You are very nimble when in or above water. (Stealth+, EV+, Speed+++)))
Your lower body shifts to a powerful aquatic tail in water.


Message History

Found a blossoming altar of Fedhas.
There is a fountain of clear blue water here.
Found a burning altar of Makhleb.
Found an ancient bone altar of Kikubaaqudgha.
Found two altars.
There is a bloodstained altar of Trog here.
Done exploring.
There is a burning altar of Makhleb here.
You kneel at the altar of Makhleb.
Makhleb welcomes you!
(D) Dungeon (T) Temple
Where to? (Enter - Temple @ (x,y), ? - help)
There is a staircase back to the Dungeon here.
You climb upwards.
Welcome back to the Dungeon!
The ogre barely misses you.
There is a staircase to the Ecumenical Temple here.
An ogre is nearby!
You hit the ogre.
The ogre is lightly wounded.
The ogre hits you with a +0 giant club!
You hit the ogre.
The ogre is lightly wounded.
The ogre hits you but does no damage.
You barely miss the ogre.
The ogre is lightly wounded.
You slash the ogre!
The ogre is heavily wounded.
The ogre hits you with a +0 giant club.
You barely miss the ogre.
The ogre is heavily wounded.
The ogre completely misses you.
You hit the ogre.
The ogre is heavily wounded.
You barely miss the ogre.
The ogre is heavily wounded.
The ogre hits you with a +0 giant club!!
Okay, then.
You slash the ogre!
The ogre is severely wounded.
The ogre hits you with a +0 giant club!!
You die...

#.##.# #..#..#.#.....# #.##.#
#..#....####### #.##.#
#..#.#......# # #.#####.##.#
#..#.##.###.### ...........#
#..#.##.# #...#
#.#####.########..#.##.#####.#
..................#.##.......#
#.#####.###.§§....#. #.#####.#
........§@....# #.# #..
#.##.###.O§...## ### #.# # #.#
#......+ #.# #.#........# ##.#
#.#........# ... #.#........#
#####.# #.[.#+#... #<.....
.... .... #####.# #..


You could see an ogre.

Vanquished Creatures
  2 phantoms
  A necrophage (D:5)
  2 scorpions
  2 howler monkeys (D:4)
  2 hounds (D:4)
  Ijyb (D:2)
  An orc wizard (D:5)
  7 gnolls
  2 adders (D:3)
  A shadow imp (D:5)
  2 white imps
  A dart slug (D:1)
  10 orcs
  6 ball pythons
  An endoplasm (D:3)
  A giant cockroach (D:2)
  9 goblins
  6 hobgoblins
  6 jackals
  5 kobolds
  5 quokkas
  7 bats
  5 frilled lizards
  6 rats
91 creatures vanquished.

Notes
Turn   | Place    | Note
-------+----------+-------------------------------------------
     0 | D:1      | BarneyGumball the Merfolk Gladiator began the quest for the
                  | Orb.
     0 | D:1      | Reached XP level 1. HP: 16/16 MP: 1/1
    78 | D:1      | Found Ipluafus's Jewellery Shop.
   198 | D:1      | Found a faded altar of an unknown god.
   221 | D:1      | Reached skill level 4 in Long Blades
   221 | D:1      | Reached XP level 2. HP: 22/22 MP: 2/2
   840 | D:2      | Noticed a phantom
   969 | D:2      | Reached XP level 3. HP: 27/27 MP: 3/3
  1554 | D:2      | Killed a phantom
  1555 | D:2      | Reached skill level 5 in Long Blades
  1555 | D:2      | Reached skill level 1 in Armour
  1555 | D:2      | Reached XP level 4. HP: 27/33 MP: 4/4
  1555 | D:2      | Reached XP level 5. HP: 32/38 MP: 5/5
  2150 | D:3      | Noticed Ijyb
  2338 | D:2      | Killed Ijyb
  2749 | D:3      | Reached skill level 6 in Long Blades
  2967 | D:3      | Reached XP level 6. HP: 36/44 MP: 6/6
  3704 | D:4      | Reached skill level 7 in Long Blades
  3704 | D:4      | Reached skill level 1 in Evocations
  3704 | D:4      | Reached XP level 7. HP: 42/50 MP: 7/7
  4063 | D:5      | Entered Level 5 of the Dungeon
  4727 | D:5      | Found a staircase to the Ecumenical Temple.
  4735 | Temple   | Entered the Ecumenical Temple
  4859 | Temple   | Became a worshipper of Makhleb the Destroyer
  4886 | D:5      | Slain by an ogre

Illustrated notes

Levels and vault maps discovered:
D:1:      amcnicky_arrival_double_pillar, layout_loops_corners, serial_shops,
          nicolae_shop_temple_entry_statues_fountains, basic_ecumenical_altar
D:2:      layout_loops_ring
D:3:      layout_rooms, minmay_three_crescents, uniq_ijyb
D:4:      layout_gridville
D:5:      mumra_celtic_spiral_tile, layout_basic,
          nicolae_overflow_hidden_temple, minmay_temple_entry_purple_smoke,
          serial_park_tiny_2
Temple:   jpeg_temple_clearing

Skill      XL: |  1  2  3  4  5  6 |
---------------+-------------------+-----
Long Blades    | 4 5 6 7 |  7.8
Armour         | 1 2 |  2.9
Throwing       | 3 |  3.8
Evocations     | 1 |  1.9
Fighting       | |  2.1
Dodging        | |  4.0

Action                   |  1- 3 |  4- 6 |  7- 9 || total
-------------------------+-------+-------+-------++-------
Melee: Long sword        |   103 |   188 |    62 ||   353
       Punch             |     1 |     2 |     2 ||     5
Throw: Throwing net      |     1 |     8 |     1 ||    10
       Javelin           |       |       |     1 ||     1
 Stab: Sleeping          |     1 |     2 |       ||     3
       Held in net/web   |       |     5 |       ||     5
Armor: Leather armour    |    34 |    22 |       ||    56
       Scale mail        |       |    22 |    20 ||    42
Dodge: Dodged            |    70 |   126 |    27 ||   223

Table legend: (Time is in decaauts)
 A = Elapsed time spent in this place.
 B = Non-inter-level travel time spent in this place.
 C = Inter-level travel time spent in this place.
 D = Time resting spent in this place.
 E = Time spent auto-exploring this place.
 F = Levels seen in this place.
 G = Mean time per level.
                   A        B        C        D        E       F      G
               +--------+--------+--------+--------+--------+-----+--------+
         Total |   4934 |   4359 |    575 |    471 |   2785 |   6 |  822.3 |
       Dungeon |   4791 |   4263 |    528 |    471 |   2703 |   5 |  958.2 |
        Temple |    142 |     95 |     47 |      0 |     82 |   1 |  142.0 |
               +--------+--------+--------+--------+--------+-----+--------+

Top non-repeatable levels by time:
     D:2: 1293 daAuts
     D:1: 1209 daAuts
     D:3: 900 daAuts
     D:4: 706 daAuts
     D:5: 681 daAuts
  Temple: 142 daAuts
